 Dungeon Crawl Stone Soup version 0.31.0-12-g77e489cdc1 (webtiles) character file.

Game seed: 12276081389656392612

2 ThighHighIncubi the Trooper (level 1, 0/1 HPs)
             Began as a Demonspawn Chaos Knight on Mar 3, 2024.
             Was a Plaything of Xom.
             Slain by a frilled lizard (1 damage)
             ... on level 1 of the Dungeon.
             The game lasted 00:02:37 (57 turns).

ThighHighIncubi the Trooper (Demonspawn Chaos Knight) Turns: 57, Time: 00:02:38

Health: 0/1        AC:  0    Str: 12    XL:     1   Next: 25%
Magic:  1/1        EV: 11    Int: 12    God:    Xom [..*...]
Gold:   7          SH:  0    Dex: 12    Spells: 0/0 levels left

rFire   . . .        a - +0 falchion (chaos)
rCold   . . .        (no shield)
rNeg    . . .        b - melded +2 leather armour
rPois   .            (no helmet)
rElec   .            (no cloak)
rCorr   .            (no gloves)
SInv    .            (no boots)
Will    .....        (no amulet)
Stlth   +            (no ring)
HPRegen 0.20/turn    (no ring)
MPRegen 0.07/turn

%: no passive effects
@: maw-form
A: devouring maw, reduced hp
a: Begin Untransformation, Renounce Religion


You were on level 1 of the Dungeon.
You worshipped Xom.
You were a toy of Xom.
You were a creature with a mouth for a stomach.
You visited 1 branch of the dungeon, and saw 1 of its levels.

You collected 7 gold pieces.

Inventory:

Hand Weapons
 a - a +0 falchion of chaos (weapon)
Armour
 b - a +2 leather armour (melded)
Talismans
 e - a maw talisman (active)
Scrolls
 c - a scroll of butterflies
 d - a scroll of identify {unknown}
 f - a scroll of teleportation {unknown}


   Skills:
 + Level 3.0 Fighting
 - Level 2.6 Long Blades
 + Level 1.7 Armour
 * Level 0.9 Dodging


You couldn't memorise any spells.
You didn't know any spells.
Your spell library was empty.

Dungeon Overview and Level Annotations

Branches:
Dungeon (1/15)

Altars:


Message History

You kill the butterfly!
You closely miss the butterfly.
d - a scroll labelled XUFUEKL AKHLILEPSE A goblin comes into view.
It is wielding a +0 dagger.
Found a maw talisman.
You see here 7 gold pieces.
You see here 7 gold pieces.
Unknown command.
Unknown command.
You now have 7 gold pieces.
You closely miss the goblin. The goblin misses you.
You closely miss the goblin. The goblin closely misses you.
The goblin hits you with a +0 dagger.
You miss the goblin. The goblin hits you with a +0 dagger.
You barely miss the goblin. The goblin closely misses you.
You slash the goblin!
You kill the goblin!
Things that are here:
a +0 dagger; a goblin corpse
Found a scroll labelled IBLOM SEENOSTRUD and a scroll labelled KILERA DICALIN.
You see here a maw talisman.
You see here a maw talisman.
e - a maw talisman You begin transforming.
You continue transforming. x3
You turn into a creature with a mouth for a stomach.
Your +2 leather armour melds into your body.
HP restored.
A giant cockroach comes into view.
Found 7 stones.
You hit the giant cockroach.
You kill the giant cockroach!
A frilled lizard comes into view.
The frilled lizard hisses angrily.
You see here a scroll labelled IBLOM SEENOSTRUD.
You see here a scroll labelled IBLOM SEENOSTRUD.
f - a scroll labelled IBLOM SEENOSTRUD The frilled lizard bites you.
Ouch! That really hurt!
You die...
Xom yawns loudly!

#..........#
............##
.............(
.............#
.............# #.
.............###...
...................
..........l........
#....†...W.......
#................
#.................(.
#..........#.....#.#
###.....####.###.#.##
#.....# ##.#.(....#
#.....###......$∩.##
#.....##..(..PP....##
#.....#..P.PPP.PP....


You could see a frilled lizard.

Vanquished Creatures
  A giant cockroach (D:1)
  A goblin (D:1)
  2 butterflies (D:1)
4 creatures vanquished.

Notes
Turn   | Place    | Note
-------+----------+-------------------------------------------
     0 | D:1      | ThighHighIncubi the Demonspawn Chaos Knight began the quest
                  | for the Orb.
     0 | D:1      | Reached XP level 1. HP: 18/18 MP: 1/1
    57 | D:1      | Slain by a frilled lizard

Illustrated notes

Levels and vault maps discovered:
D:1:      spicycebolla_arrival_clurvy, layout_basic, serial_curves,
          eino_curves_04, eino_curves_02

Action                     || total
---------------------------++-------
  Melee: Falchion          ||    10
   Stab: Sleeping          ||     1
 Armour: Leather armour    ||     2
         Skin              ||     1
  Dodge: Dodged            ||     3
   Form: Maw               ||     1
